 Dungeon Crawl Stone Soup version 0.24.0-13-gcf9b319 (webtiles) character file.

Game seed: 15284183374575492063, levelgen mode: deterministic

3685 ClockworkOrrery the Warrior (level 10, -8/114 HPs)
             Began as a Gargoyle Fighter on Mar 26, 2020.
             Was a Follower of the Shining One.
             Mangled by a manticore (12 damage)
             ... on level 11 of the Dungeon.
             The game lasted 00:19:17 (8107 turns).

ClockworkOrrery the Warrior (Gargoyle Fighter)      Turns: 8107, Time: 00:19:18

Health: -8/114     AC: 25    Str: 20    XL:     10   Next: 13%
Magic:  10/10      EV:  2    Int: 12    God:    the Shining One [*.....]
Gold:   382        SH: 12    Dex:  9    Spells: 9/9 levels left

rFire    . . .     SeeInvis .   E - +2 whip (flame)
rCold    . . .     Gourm    .   c - +0 shield
rNeg     + + +     Faith    .   (armour currently unavailable)
rPois    ∞         Spirit   .   (helmet currently unavailable)
rElec    .         Reflect  +   (cloak currently unavailable)
rCorr    .         Harm     .   (gloves currently unavailable)
MR       .....     NoTele   +   (boots currently unavailable)
Stlth    +.........             B - +3 amulet of reflection
HPRegen  0.29/turn              j - ring of flight
MPRegen  0.12/turn              (no ring)

@: tree-form, glowing
A: negative energy resistance 1, petrification resistance, rot immunity, AC +7
a: Renounce Religion


You were on level 11 of the Dungeon.
You worshipped the Shining One.
The Shining One was aware of your devotion.
You were hungry.
You were a tree.
You visited 2 branches of the dungeon, and saw 10 of its levels.
You also visited: Ossuary.

You collected 382 gold pieces.

Inventory:

Hand Weapons
 E - a +2 whip of flaming (weapon)
Armour
 b - a +0 scale mail (melded)
 c - a +0 shield (worn)
 t - a +0 cloak (melded)
 y - a +0 hat (melded)
 z - a +2 pair of gloves of archery (melded)
Jewellery
 j - a ring of flight (left branch)
 u - an uncursed amulet of the acrobat
 A - an uncursed amulet of rage
 B - a +3 amulet of reflection (around neck)
Wands
 w - a wand of paralysis (8)
 C - a wand of flame (20)
 G - a wand of polymorph (9)
Scrolls
 a - 2 scrolls of enchant weapon
 e - a scroll of magic mapping
 h - a scroll of blinking {unknown}
 i - 3 scrolls of fear
 n - 7 scrolls of identify
 p - 2 scrolls of noise {unknown}
 r - 5 scrolls of remove curse {unknown}
 v - a scroll of fog {unknown}
 D - a scroll of amnesia
 F - a scroll of teleportation {unknown}
Potions
 d - a potion of might
 g - 4 potions of curing {unknown}
 k - 3 potions of haste
 l - 2 potions of cancellation {unknown}
 m - 3 potions of degeneration {unknown}
 o - 4 potions of lignification
 q - a potion of invisibility {unknown}
 s - 2 potions of agility
 x - 2 potions of ambrosia {unknown}
Comestibles
 f - 15 rations
 H - 5 chunks of flesh


   Skills:
 * Level 15.0 Fighting
 - Level 2.0 Maces & Flails
 - Level 3.2 Armour
 - Level 3.2 Shields


You had 9 spell levels left.
You didn't know any spells.
Your spell library contained the following spells:

 Spells                   Type           Power        Failure   Level  Hunger
 Magic Dart               Conj           #...         83%         1    ##.....
 Blink                    Tloc           N/A          92%         2    ###....
 Call Imp                 Summ           #.......     92%         2    ###....
 Slow                     Hex            #.......     92%         2    ###....
 Conjure Flame            Conj/Fire      #.......     99%         3    ####...
 Mephitic Cloud           Conj/Pois/Air  #.......     99%         3    ####...


Dungeon Overview and Level Annotations

Branches:
Dungeon (8/15)             Temple (1/1) D:4         Ossuary (visited)
   Lair: D:8-11

Altars:
Ashenzari
Cheibriados
Dithmenos
Elyvilon
Fedhas
Gozag
Hepliaklqana
Kikubaaqudgha
Nemelex Xobeh
Okawaru
Qazlal
Ru
Sif Muna
Trog
Uskayaw
Vehumet
Wu Jian
Xom
Yredelemnul
Zin
The Shining One

Annotations:
D:8 Grum


Innate Abilities, Weirdness & Mutations

You are resistant to torment.
((Your stone body is resilient. (AC +7)))
You are immune to poison.
You resist negative energy. (rN+)
((You are resistant to electric shocks. (rElec)))
((You can survive without breathing.))
You are immune to petrification.
You are immune to rotting.


Message History

* * * LOW HITPOINT WARNING * * *
You block the unseen horror's attack. The manticore bites you.
* * * LOW HITPOINT WARNING * * *
The manticore claws you but does no damage.
You block the manticore's attack. The unseen horror barely misses you.
Okay, then.
It was a potion of lignification.
You turn into a tree.
Your +0 cloak melds into your body.
Your +0 hat melds into your body.
Your +2 pair of gloves of archery melds into your body.
Your +0 scale mail melds into your body.
Your aim is not that steady anymore.
Your roots penetrate the ground.
The unseen horror hits you but does no damage.
The manticore bites you but does no damage.
You block the manticore's attack. The manticore claws you!
The Shining One protects you from harm!
You hit the manticore. You burn the manticore.
The manticore is almost dead.
The unseen horror hits you but does no damage.
The manticore bites you!
You die...

#####.<......#
...........$.##
..............
.............
#...........
#........#
#........#
#...♣H...#
#........#
#........#
..........#
............#
#######.....#
#.......
#.......


You could see a manticore.

Vanquished Creatures
  The ghost of Exaltedone87 the Cleaver, a novice DrBe of Trog (D:7)
  Pikel (D:5)
  Grinder (D:5)
  A hornet (D:8)
  A hippogriff (D:7)
  2 soldier ants (D:8)
  A black bear (D:7)
  A sky beast (D:7)
  A phantom (D:7)
  4 slaves (D:5)
  A wolf (D:8)
  4 ogres
  A centaur (D:5)
  2 water moccasin zombies (Ossuary)
  A scorpion (D:7)
  2 howler monkeys (D:4)
  A crimson imp (D:6)
  A hound (D:11)
  A jelly (D:7)
  3 orc priests
  A bullfrog skeleton (D:4)
  A gnoll shaman (D:7)
  An iguana (D:4)
  4 orc wizards
  9 worker ants
  3 big kobold zombies (Ossuary)
  A hound skeleton (D:5)
  2 mummies (Ossuary)
  3 gnolls (D:7)
  A howler monkey zombie (D:5)
  5 adders
  A shadow imp (D:3)
  An ooze (D:3)
  3 adder zombies (Ossuary)
  An adder skeleton (D:7)
  A worm (D:6)
  2 dart slugs
  7 leopard geckos
  8 orcs
  2 ball pythons
  6 bats
  6 giant cockroaches
  4 gnoll zombies (Ossuary)
  3 goblins
  6 hobgoblins
  7 jackals
  7 quokkas
  8 frilled lizards
  3 hobgoblin zombies (Ossuary)
  3 kobolds
  5 kobold zombies (Ossuary)
  A leopard gecko skeleton (D:5)
  4 orc zombies (Ossuary)
  4 rats
155 creatures vanquished.

Notes
Turn   | Place    | Note
-------+----------+-------------------------------------------
     0 | D:1      | ClockworkOrrery the Gargoyle Fighter began the quest for
                  | the Orb.
     0 | D:1      | Reached XP level 1. HP: 14/14 MP: 1/1
   257 | D:1      | Reached XP level 2. HP: 15/20 MP: 2/2
   471 | D:1      | Reached skill level 4 in Fighting
  1016 | D:1      | Reached XP level 3. HP: 24/24 MP: 3/3
  1607 | D:2      | Reached skill level 5 in Fighting
  1861 | D:2      | Found a shimmering blue altar of Sif Muna.
  1906 | D:2      | Found a blossoming altar of Fedhas.
  2176 | D:3      | Reached XP level 4. HP: 31/31 MP: 4/4
  2632 | D:4      | Reached skill level 6 in Fighting
  2652 | D:4      | Reached XP level 5. HP: 30/36 MP: 5/5
  2670 | D:4      | Found a sand-covered staircase.
  2675 | Ossuary  | Entered an ossuary
  2878 | Ossuary  | Reached skill level 7 in Fighting
  2902 | Ossuary  | Reached XP level 6. HP: 15/44 MP: 6/6
  3219 | D:4      | Reached skill level 8 in Fighting
  3264 | D:4      | HP: 2/44 [orc wizard/magic dart (6)]
  3273 | D:4      | Reached XP level 7. HP: 4/50 MP: 7/7
  3839 | D:4      | Reached skill level 9 in Fighting
  3859 | D:4      | HP: 1/51 [worker ant (3)]
  4220 | D:4      | Found a white marble altar of Elyvilon.
  4221 | D:4      | Found a snail-covered altar of Cheibriados.
  4246 | D:4      | Found a staircase to the Ecumenical Temple.
  4293 | Temple   | Entered the Ecumenical Temple
  4534 | D:5      | Entered Level 5 of the Dungeon
  4718 | D:5      | Noticed Grinder
  4811 | D:5      | Killed Grinder
  4811 | D:5      | Reached skill level 10 in Fighting
  4811 | D:5      | Reached XP level 8. HP: 20/58 MP: 8/8
  5278 | D:5      | Found an iron altar of Okawaru.
  5392 | D:5      | Found an opulent altar of Gozag.
  5488 | D:5      | Noticed Pikel
  5511 | D:5      | Killed Pikel
  5511 | D:5      | Reached skill level 11 in Fighting
  5866 | D:6      | Found a glowing golden altar of the Shining One.
  5874 | D:6      | Became a worshipper of the Shining One
  5900 | D:6      | Reached skill level 12 in Fighting
  6041 | D:6      | Found a stormy altar of Qazlal.
  6122 | D:6      | Reached XP level 9. HP: 65/65 MP: 9/9
  6746 | D:7      | Found a shattered altar of Ashenzari.
  6746 | D:7      | Found a shimmering altar of Xom.
  6871 | D:7      | Reached skill level 13 in Fighting
  7004 | D:7      | Reached * piety under the Shining One
  7106 | D:7      | Found a runed translucent door.
  7107 | D:7      | Noticed Exaltedone87's ghost (novice DrBe)
  7176 | D:7      | Killed Exaltedone87's ghost
  7176 | D:7      | Reached skill level 14 in Fighting
  7568 | D:7      | Found a basalt altar of Yredelemnul.
  7720 | D:8      | Noticed a hornet
  7741 | D:8      | Killed a hornet
  7741 | D:8      | Reached XP level 10. HP: 41/76 MP: 10/10
  8060 | D:8      | Found a shadowy altar of Dithmenos.
  8065 | D:8      | Reached skill level 15 in Fighting
  8075 | D:8      | Noticed Grum
  8082 | D:8      | You fall into a shaft and drop 3 floors!
  8084 | D:11     | Noticed a manticore
  8104 | D:11     | Noticed an unseen horror
  8105 | D:11     | HP: 2/76 [manticore (5)]
  8106 | D:11     | The Shining One protects you from harm!
  8107 | D:11     | Mangled by a manticore

Levels and vault maps discovered:
D:1:      tarquinn_simple_flora_water_a, layout_loops_corners
D:2:      layout_loops_cross, overflow_temple_1_default, lemuel_blue_sif_altar,
          minmay_increasing_density
D:3:      layout_basic
D:4:      layout_basic, nicolae_overflow_hidden_temple, temple_pool_b,
          enter_ossuary_2
D:5:      layout_cave_pools, nicolae_gozag_cash_rules_everything_around_me,
          first_ration, okawaru_metal_pillars_1_2, uniq_pikel, uniq_grinder
D:6:      layout_rooms, lemuel_round_altar, nicolae_overflow_crystal_walls
D:7:      layout_basic, kennysheep_little_box, gammafunk_temple_overflow_pools,
          ebering_ghost_reflecting_pool
D:8:      minmay_klotski, layout_cave_pods, grunt_dithmenos_smoke_and_mirrors,
          lemuel_doored_altar, hangedman_pestilent_swarm, uniq_grum,
          uniq_maurice
D:11:     layout_irregular_city, serial_shops, nicolae_shop_window_shopping,
          uniq_harold
Temple:   dpeg_three_leaves_temple

Skill      XL: |  1  2  3  4  5  6  7  8  9 10 |
---------------+-------------------------------+-----
Fighting       | 4 5 6 7 8 10 12 14 15 | 15.0
Maces & Flails | |  2.0
Armour         | |  3.2
Shields        | |  3.2

Action                   |  1- 3 |  4- 6 |  7- 9 | 10-12 || total
-------------------------+-------+-------+-------+-------++-------
Melee: Flail             |   119 |       |       |       ||   119
       War axe           |    64 |   205 |   153 |       ||   422
       Unarmed           |       |       |    47 |       ||    47
       Whip              |       |       |   253 |    62 ||   315
  Use: Scroll            |     3 |     5 |     2 |       ||    10
       Potion            |       |       |       |     1 ||     1
  Eat: Chunk             |     4 |     2 |    14 |     1 ||    21
       Ration            |       |     1 |       |       ||     1
Armor: Scale mail        |   134 |   117 |   249 |    32 ||   532
       Skin              |       |       |       |     3 ||     3
Dodge: Dodged            |    83 |    77 |   151 |    18 ||   329
Block: Shield            |   113 |   111 |   306 |    41 ||   571
       Reflection        |       |       |     3 |       ||     3
